 Dungeon Crawl Stone Soup version 0.25-a0-1078-gea6e5d949a (webtiles) character file.

Game seed: 2325926121709288261, levelgen mode: deterministic

35346 EWolf27 the Grappler (level 13, -2/131 HPs)
             Began as a Troll Berserker on May 14, 2020.
             Was a High Priest of Trog.
             Slain by a hound (5 damage)
             ... summoned by a boggart
             ... on level 14 of the Dungeon on May 15, 2020.
             The game lasted 01:32:21 (15981 turns).

EWolf27 the Grappler (Troll Berserker)             Turns: 15981, Time: 01:32:21

Health: -2/131     AC: 22    Str: 30    XL:     13   Next: 47%
Magic:  12/12      EV: 14    Int:  4    God:    Trog [*****.]
Gold:   1211       SH: 19    Dex: 16    Spells: 12/12 levels left

rFire    . . .     SeeInvis .     - Unarmed
rCold    . . .     Gourm    +   l - +2 kite shield {rPois}
rNeg     . . .     Faith    .   M - +4 acid dragon scales
rPois    +         Spirit   .   P - +2 hat {MR+}
rElec    .         Reflect  +   n - +0 cloak
rCorr    +         Harm     .   (gloves unavailable)
MR       +++..                  (boots unavailable)
Stlth    +.........             i - amulet of reflection
HPRegen  1.71/turn              d - +6 ring of dexterity
MPRegen  0.13/turn              x - +4 ring of protection

@: about to teleport, regenerating
A: large, unfitting armour, claws 3, fast metabolism 3, gourmand, regeneration
1, shaggy fur 1, tough skin 3
a: Berserk, Trog's Hand, Brothers in Arms, Renounce Religion


You were on level 14 of the Dungeon.
You worshipped Trog.
Trog was extremely pleased with you.
You were full.

You visited 3 branches of the dungeon, and saw 16 of its levels.
You also visited: Ice Cave.

You collected 1288 gold pieces.
You spent 77 gold pieces at shops.

Inventory:

Hand Weapons
 a - a +2 giant spiked club
 q - a +4 antimagic eveningstar
Missiles
 j - 66 poisoned darts (quivered)
 H - 18 large rocks
Armour
 l - a +2 kite shield of poison resistance (worn)
 n - a +0 cloak (worn)
 M - +4 acid dragon scales (worn)
 P - a +2 hat of magic resistance (worn)
Jewellery
 d - a +6 ring of dexterity (left claw)
 i - an amulet of reflection (around neck)
 x - a +4 ring of protection (right claw)
 z - an uncursed ring of see invisible
 I - a cursed amulet of inaccuracy {unknown}
 K - an uncursed ring of protection from fire
 L - an uncursed amulet of guardian spirit {unknown}
Wands
 g - a wand of flame (4)
 k - a wand of digging (3)
 s - a wand of iceblast (6)
 J - a wand of disintegration (12)
Scrolls
 e - 2 scrolls of immolation
 f - a scroll of identify
 h - 2 scrolls of magic mapping
 o - 3 scrolls of remove curse
 t - 3 scrolls of noise {unknown}
 u - 2 scrolls of random uselessness {unknown}
 v - a scroll of teleportation
 y - a scroll of acquirement {unknown}
 A - 2 scrolls of fear {unknown}
 E - a scroll of silence {unknown}
 N - a scroll of enchant weapon
 O - a scroll of torment {unknown}
Potions
 m - 13 potions of curing
 p - 2 potions of might
 r - 2 potions of berserk rage {unknown}
 w - 3 potions of flight
 B - 3 potions of resistance {unknown}
 C - a potion of stabbing {unknown}
 D - 2 potions of mutation {unknown}
 F - a potion of lignification {unknown}
 G - a potion of brilliance {unknown}
Comestibles
 b - 27 rations


   Skills:
 + Level 9.3 Fighting
 - Level 6.0 Maces & Flails
 - Level 6.0 Throwing
 - Level 5.0 Armour
 - Level 7.5 Dodging
 - Level 9.0 Shields
 - Level 12.0 Unarmed Combat


You had 12 spell levels left.
You didn't know any spells.
Your spell library was empty.

Dungeon Overview and Level Annotations

Branches:
Dungeon (14/15)            Temple (1/1) D:5            Lair (1/6) D:10
    Orc (0/2) D:11          IceCv (visited)
 Vaults: D:13-14

Altars:
Ashenzari
Cheibriados
Dithmenos
Elyvilon
Fedhas
Gozag
Hepliaklqana
Kikubaaqudgha
Makhleb
Nemelex Xobeh
Okawaru
Qazlal
Ru
Sif Muna
Trog
Uskayaw
Vehumet
Wu Jian
Xom
Yredelemnul
Zin
The Shining One

Shops:
D:4 ((*}   D:9 (

Annotations:
D:11 1 runed translucent door, fritzmikael's ghost, journeyman DgFE


Innate Abilities, Weirdness & Mutations

You are too large for most types of armour.
You have claws for hands.
Your metabolism is lightning-fast.
You like to eat raw meat.
Your natural rate of healing is unusually fast.
You are covered in fur. (AC +1)
You have extremely tough skin. (AC +3)


Message History

You scratch the scorpion.
The scorpion is lightly wounded.
The centaur warrior hits you but does no damage.
You block the hound's attack.
You scratch the scorpion.
The scorpion is moderately wounded.
You block the centaur warrior's attack. You block the centaur's attack.
The very large slime creature hits you!!!
The hound misses you.
The rakshasa weaves an illusion.
The centaur warrior barely misses you.
As you read the scroll of teleportation, it crumbles to dust.
You feel strangely unstable. You block the centaur's attack.
The hound bites you but does no damage. The scorpion barely misses you.
The very large slime creature hits you!!!
* * * LOW HITPOINT WARNING * * *
The centaur warrior hits you but does no damage.
You block the centaur's attack. You block the rakshasa's attack.
The hound bites you.
You die...

#... ##....###.[.....#
##..##......##.......#
.###...#......^.#.##...##
.....!.'...{....'.......#
..$..?.'...J...{'.o.....##
.......#......Zh#c.......#
......[##..(..R##Tc......#
..g.... ##....##hcc......#
.........##'Z##@cc.y....##
.....[......{RsJcc§.<...#
g.##.........#.ccVZ.....##
g. #....##...#...........#
## #.......#....#
#...##...#...#
#...##...##### #...##...#
#...######


You could see a rakshasa (summoned), a very large slime creature (summoned), a
centaur warrior (summoned), a troll (summoned), a hornet (summoned), a vampire
(summoned), an orc warrior (summoned), 9 centaurs, a scorpion (summoned), a
hound (summoned) and a centaur warrior skeleton (summoned).

Vanquished Creatures
  Gastronok (D:12)
  Frances (D:13)
  Snorg (D:11)
  2 centaur warriors
  3 two-headed ogres
  6 death yaks (D:10)
  A skeletal warrior (D:11)
  2 orc knights
  5 ugly things
  A black mamba (Lair:1)
  3 cyclopes
  Maurice (D:8)
  2 ice statues (IceCv)
  2 spiny frogs (Lair:1)
  A gargoyle (D:6)
  A kobold demonologist (D:11)
  A queen bee (shapeshifter) (D:13)
  3 meliai (D:12)
  A troll (D:13)
  A queen bee (D:12)
  2 polar bears (D:12)
  6 slime creatures (D:12)
  2 hippogriffs
  Sigmund (D:3)
  A vampire (D:10)
  Eustachio (D:6)
  2 wraiths
  A wyvern (D:8)
  4 hogs (D:8)
  21 yaks
  2 basilisks (Lair:1)
  A human (D:8)
  4 hungry ghosts
  A vampire mosquito (D:14)
  Edmund (D:6)
  3 water moccasins
  10 orc warriors
  10 ice beasts
  2 sky beasts
  An eye of draining (D:9)
  2 phantoms
  5 ogres
  2 necrophages
  2 wolves (Lair:1)
  2 boggarts (D:14)
  11 centaurs
  2 crocodiles (Lair:1)
  A big kobold (D:12)
  9 bullfrogs
  A gnoll sergeant (D:8)
  A wyvern zombie (D:13)
  4 scorpions (D:8)
  11 killer bees (D:12)
  9 wights
  6 howler monkeys
  2 centaur zombies
  A bullfrog zombie (D:10)
  6 crimson imps
  5 hounds
  4 jellies
  8 orc priests
  A bullfrog skeleton (D:13)
  16 orc wizards
  An iguana (D:10)
  Natasha (thrice) (D:2)
  12 worker ants
  A hound skeleton (D:8)
  7 gnolls
  A howler monkey skeleton (D:7)
  A howler monkey zombie (D:5)
  A worker ant zombie (D:11)
  16 adders
  2 shadow imps
  An ooze (D:2)
  2 adder skeletons (D:7)
  2 worms
  4 leopard geckos
  57 orcs
  9 bats
  A giant cockroach (D:1)
  4 goblins
  11 hobgoblins
  7 jackals
  2 quokkas
  2 ball pythons (D:4)
  7 frilled lizards
  13 kobolds
  3 rats
  2 fungi (D:9)
398 creatures vanquished.

Vanquished Creatures (collateral kills)
  An ice statue (IceCv)
  An acid dragon (D:10)
2 creatures vanquished.

Vanquished Creatures (others)
  3 toadstools (D:9)
3 creatures vanquished.

Grand Total: 403 creatures vanquished

Notes
Turn   | Place    | Note
-------+----------+-------------------------------------------
     0 | D:1      | EWolf27 the Troll Berserker began the quest for the Orb.
     0 | D:1      | Reached XP level 1. HP: 22/22 MP: 0/0
   116 | D:1      | Reached XP level 2. HP: 28/29 MP: 1/1
   844 | D:2      | Reached XP level 3. HP: 31/37 MP: 2/2
   890 | D:2      | Found a stormy altar of Qazlal.
   986 | D:2      | Reached ** piety under Trog
  1212 | D:2      | Noticed Natasha
  1217 | D:2      | Killed Natasha
  1217 | D:2      | Reached skill level 4 in Unarmed Combat
  1217 | D:2      | Reached XP level 4. HP: 41/45 MP: 3/3
  1540 | D:2      | Noticed Natasha
  1547 | D:2      | Killed Natasha
  2124 | D:2      | Found a stormy altar of Qazlal.
  2164 | D:2      | Noticed Natasha
  2169 | D:2      | Killed Natasha
  2579 | D:3      | Reached XP level 5. HP: 54/54 MP: 4/4
  2857 | D:3      | Reached skill level 5 in Unarmed Combat
  2997 | D:3      | Found a shadowy altar of Dithmenos.
  3010 | D:3      | Found an iron altar of Okawaru.
  3010 | D:3      | Found a blossoming altar of Fedhas.
  3017 | D:3      | Reached XP level 6. HP: 62/62 MP: 5/5
  3130 | D:3      | Found a shimmering blue altar of Sif Muna.
  3202 | D:3      | Noticed Sigmund
  3216 | D:3      | Killed Sigmund
  3337 | D:4      | Found Geij's Weapon Shoppe.
  3390 | D:4      | Found Exafew's Antique Weapon Shop.
  3418 | D:4      | Reached skill level 6 in Unarmed Combat
  3532 | D:4      | Reached skill level 5 in Fighting
  3532 | D:4      | Reached XP level 7. HP: 66/72 MP: 6/6
  3587 | D:4      | Found Olidwuj's Gadget Boutique.
  3665 | D:4      | Reached *** piety under Trog
  3732 | D:4      | Found Ucriovvo's General Store.
  3739 | D:4      | Bought 2 potions of flight for 66 gold pieces
  3739 | D:4      | Bought a potion of degeneration for 11 gold pieces
  4155 | D:5      | Entered Level 5 of the Dungeon
  4363 | D:5      | Found a staircase to the Ecumenical Temple.
  4386 | D:5      | Reached skill level 1 in Throwing
  4386 | D:5      | Reached skill level 7 in Unarmed Combat
  4417 | Temple   | Entered the Ecumenical Temple
  4752 | D:6      | Noticed Eustachio
  4823 | D:6      | Found a basalt altar of Yredelemnul.
  4992 | D:6      | Noticed a gargoyle
  5005 | D:6      | Killed a gargoyle
  5005 | D:6      | Reached XP level 8. HP: 80/80 MP: 7/7
  5279 | D:6      | Found an opulent altar of Gozag.
  5454 | D:6      | Noticed Edmund
  5479 | D:6      | Killed Edmund
  5651 | D:6      | Killed Eustachio
  5651 | D:6      | Reached skill level 8 in Unarmed Combat
  5834 | D:7      | Noticed a hippogriff
  5853 | D:7      | Killed a hippogriff
  5856 | D:7      | Reached XP level 9. HP: 44/88 MP: 8/8
  5937 | D:7      | Found a hide-covered altar of Uskayaw.
  6001 | D:7      | You fall into a shaft and drop 1 floor!
  6083 | D:8      | Reached skill level 5 in Dodging
  6226 | D:8      | Noticed Maurice
  6253 | D:8      | Killed Maurice
  6293 | D:8      | Reached skill level 5 in Throwing
  6366 | D:8      | Got a creamy pearl robe
  6367 | D:8      | Identified the cursed +1 robe of Vanity {Int+2} (You found
                  | it on level 8 of the Dungeon)
  6583 | D:7      | Reached skill level 9 in Unarmed Combat
  7124 | D:8      | Reached **** piety under Trog
  7127 | D:8      | Noticed a two-headed ogre
  7360 | D:8      | Noticed a two-headed ogre
  7446 | D:8      | Killed a two-headed ogre
  7446 | D:8      | Reached XP level 10. HP: 98/98 MP: 9/9
  7632 | D:8      | HP: 3/100 [hog (8)]
  8088 | D:8      | Reached skill level 10 in Unarmed Combat
  8582 | D:8      | Killed a two-headed ogre
  8582 | D:8      | Reached skill level 1 in Shields
  8917 | D:9      | Found Laghyg's Antique Weapon Emporium.
  9816 | D:9      | Found a hazy altar of Hepliaklqana.
  9985 | D:10     | Entered Level 10 of the Dungeon
 10054 | D:10     | Reached ***** piety under Trog
 10452 | D:10     | Reached XP level 11. HP: 109/109 MP: 10/10
 10711 | D:10     | Noticed a death yak
 10712 | D:10     | Found a staircase to the Lair.
 10712 | D:10     | Noticed a death yak
 10713 | D:10     | Noticed a death yak
 10713 | D:10     | Noticed a death yak
 10714 | D:10     | Noticed a death yak
 10716 | D:10     | Noticed a death yak
 10734 | D:10     | Killed a death yak
 10734 | D:10     | Reached skill level 1 in Armour
 10746 | D:10     | Killed a death yak
 10746 | D:10     | Reached skill level 11 in Unarmed Combat
 10764 | D:10     | Killed a death yak
 10770 | D:10     | Killed a death yak
 10784 | D:10     | Killed a death yak
 10791 | D:10     | Killed a death yak
 10934 | D:10     | Noticed a cyan ugly thing
 10935 | D:10     | Noticed an orc knight
 11158 | D:10     | Killed an orc knight
 11162 | D:10     | Killed a cyan ugly thing
 11162 | D:10     | Reached skill level 5 in Shields
 11380 | D:10     | Upgraded the game from 0.25-a0-1071-g2607d5cfa1 to
                  | 0.25-a0-1078-gea6e5d949a
 11413 | Lair:1   | Entered Level 1 of the Lair of Beasts
 11506 | Lair:1   | Reached XP level 12. HP: 111/118 MP: 11/11
 11683 | D:11     | Reached skill level 12 in Unarmed Combat
 12031 | D:11     | Reached skill level 5 in Armour
 12068 | D:11     | Reached skill level 1 in Maces & Flails
 12124 | D:11     | Found a runed translucent door.
 12124 | D:11     | Noticed fritzmikael's ghost (journeyman DgFE)
 12257 | D:11     | Found a staircase to the Orcish Mines.
 12647 | D:12     | Found a bloodstained altar of Trog.
 12659 | D:12     | Noticed Gastronok
 12767 | D:12     | Found a frozen archway.
 12780 | IceCv    | Entered an ice cave
 13276 | IceCv    | Got bloodstained ice dragon scales
 13309 | IceCv    | Identified the +0 ice dragon scales of Niplief {Harm rPois
                  | rF- rC++ rN+} (You found it in an ice cave)
 13569 | Lair:1   | Noticed a six-headed hydra
 13917 | D:12     | Noticed Snorg
 13919 | D:12     | Noticed a two-headed ogre
 13949 | D:11     | Killed a two-headed ogre
 13962 | D:11     | Killed Snorg
 13962 | D:11     | Reached skill level 5 in Maces & Flails
 14028 | D:12     | Received a gift from Trog
 14100 | D:12     | Killed Gastronok
 14219 | D:12     | Reached XP level 13. HP: 126/126 MP: 4/12
 15287 | D:13     | Noticed Frances
 15328 | D:13     | Killed Frances
 15469 | D:13     | Got an ominously black robe
 15480 | D:13     | Identified the +1 robe of Gehenna {Harm MR+ Dex+4} (You
                  | found it on level 13 of the Dungeon)
 15981 | D:14     | HP: 3/131 [very large slime creature[a boggart] (55)]
 15981 | D:14     | Slain by a hound

Illustrated notes

Levels and vault maps discovered:
D:1:      minmay_arrival_widening_spiral_wide, layout_basic, minmay_pentomino_x4
D:2:      layout_basic, grunt_qazlal_clouds, first_ration,
          guppyfry_early_lair_pool, uniq_natasha
D:3:      layout_rooms, grunt_temple_overflow_open, uniq_sigmund
D:4:      layout_gridville, serial_shops, shop, nicolae_shop_behind_doors, shop,
          nicolae_shop_temple_entry_statues_fountains, kennysheep_generic_room_2
D:5:      layout_cave_pools, minmay_temple_entry_offerings
D:6:      layout_basic, grunt_gozag_breadcrumbs, basic_altar,
          serial_corexii_hall, chequers_hall_statues_corner_a,
          corexii_hall_statues_l, uniq_eustachio, uniq_edmund
D:7:      layout_rooms, kennysheep_mini_moat
D:8:      layout_basic, grunt_livestock, corner_web_ring, uniq_maurice
D:9:      minmay_the_grid_triangle_9x9_recursive_2
          [minmay_the_grid_triangle_9x9_prize_insulated,
          minmay_the_grid_triangle_9x9_tough_junction,
          minmay_the_grid_triangle_9x9_wacky_v,
          minmay_the_grid_triangle_9x9_windchime], layout_basic,
          overflow_temple_1_default, serial_shops, shop, special_room
          [special_room_orc], kennysheep_cluttered_room,
          minmay_gold_behind_fungi
D:10:     layout_roguey, dpeg_lair_monsters, grunt_tough_drop
D:11:     minmay_distorted_concentric_squares, layout_irregular_city,
          david_orc_4, ebering_ghost_inner_flame, grunt_ministairs_10
D:12:     layout_rooms, special_room [special_room_bee],
          portal_ice_cave_entry_pillars_1, trog_ov_bears_minmay, uniq_snorg,
          uniq_gastronok
D:13:     layout_basic, uniq_frances
D:14:     layout_cross, skrybe_vaults_entry_preservation,
          minmay_misc_feat_tower, kennysheep_generic_room_3
Temple:   eino_narrow_crystal_temple
Lair:1:   layout_cave_shapes, beast_lair_carwin_11

Skill      XL: |  1  2  3  4  5  6  7  8  9 10 11 12 13 |
---------------+----------------------------------------+-----
Fighting       | 3 4 5 6 7 9 |  9.3
Unarmed Combat | 4 5 6 7 8 9 10 11 12 | 12.0
Throwing       | 2 4 5 6 |  6.0
Dodging        | 3 4 6 7 |  7.5
Shields        | 3 5 8 9 |  9.0
Armour         | 3 5 |  5.0
Maces & Flails | 6 |  6.0

Action                   |  1- 3 |  4- 6 |  7- 9 | 10-12 | 13-15 || total
-------------------------+-------+-------+-------+-------+-------++-------
Melee: Unarmed           |    87 |   138 |   211 |   731 |   247 ||  1414
       Punch             |     1 |     1 |     7 |     1 |       ||    10
       Eveningstar       |       |       |       |    33 |     4 ||    37
Throw: Dart              |       |       |     7 |    16 |       ||    23
       Large rock        |       |       |       |     9 |       ||     9
Invok: Trog's Hand       |       |     2 |     3 |     8 |     4 ||    17
       Berserk           |       |       |     2 |     3 |       ||     5
       Brothers in Arms  |       |       |       |     3 |     1 ||     4
  Use: Scroll            |       |     6 |     7 |    13 |     1 ||    27
       Potion            |       |       |     1 |     2 |       ||     3
 Stab: Sleeping          |       |       |     1 |     2 |       ||     3
  Eat: Chunk             |    17 |    18 |    37 |    71 |    17 ||   160
       Ration            |       |     1 |       |     3 |       ||     4
Armor: Animal skin       |    43 |    57 |    68 |    66 |       ||   234
       Skin              |       |     4 |       |       |       ||     4
       Acid dragon scale |       |       |       |   153 |    87 ||   240
Dodge: Dodged            |    44 |    94 |    92 |   224 |   106 ||   560
Block: Kite shield       |       |       |       |   467 |   301 ||   768
       Reflection        |       |       |       |    14 |    21 ||    35

Table legend:
 A = Non-vault XP
 B = Vault XP
 C = Vault XP percentage of total XP
 D = Non-vault monster count
 E = Vault monster count
 F = Vault count percentage of total count
                 A         B        C        D         E       F
            +---------+---------+-------+---------+---------+-------
      Total |   26586 |   23909 |  47.3 |     285 |     113 |  28.4
            +---------+---------+-------+---------+---------+-------
        D:1 |      36 |       3 |   7.7 |      22 |       2 |   8.3
        D:2 |     157 |      35 |  18.2 |      14 |       1 |   6.7
        D:3 |     194 |     223 |  53.5 |      29 |       1 |   3.3
        D:4 |     222 |      15 |   6.3 |      14 |       3 |  17.6
        D:5 |     312 |       0 |   0.0 |       6 |       0 |   0.0
        D:6 |     857 |     384 |  30.9 |      12 |       2 |  14.3
        D:7 |    1197 |       0 |   0.0 |      22 |       0 |   0.0
        D:8 |    3332 |    1424 |  29.9 |      32 |       6 |  15.8
        D:9 |     907 |     669 |  42.4 |      13 |      28 |  68.3
       D:10 |    2951 |    6885 |  70.0 |      27 |      12 |  30.8
       D:11 |    3916 |    3819 |  49.4 |      25 |      25 |  50.0
       D:12 |    5886 |    4851 |  45.2 |      33 |      18 |  35.3
       D:13 |    3849 |    2179 |  36.1 |      21 |       1 |   4.5
       D:14 |     460 |     181 |  28.2 |       5 |       1 |  16.7
     Lair:1 |    2310 |     237 |   9.3 |      10 |       2 |  16.7
      IceCv |       0 |    3004 | 100.0 |       0 |      11 | 100.0
            +---------+---------+-------+---------+---------+-------
